 Dungeon Crawl Stone Soup version 0.17-a0-1718-g72dbe4d (webtiles) character file.

82169 Melifaro the Fencer (level 15, -3/150 HPs)
             Began as a Minotaur Fighter on Aug 24, 2015.
             Was the Champion of Trog.
             Slain by a glaive of flaming (10 damage)
             ... on level 2 of the Elven Halls.
             The game lasted 01:53:43 (26280 turns).

Melifaro the Fencer (Minotaur Fighter)             Turns: 26280, Time: 01:53:43

Health: -3/150     AC: 24    Str: 32    XL:     15   Next: 28%
Magic:  14/14      EV: 10    Int:  3    God:    Trog [******]
Gold:   1056       SH: 17    Dex: 10    Spells: 0 memorised, 14 levels left

rFire  + + .     SeeInvis +     M - +10 long sword of the Little People {flame, MR+}
rCold  + + .     Clarity  +     k - +3 plate armour {rC+}
rNeg   . . .     SustAt   .     c - +0 shield
rPois  +         Gourm    .     (helmet unavailable)
rElec  .         Spirit   .     a - +0 cloak "Sick" {Stlth+}
rCorr  .         Warding  .     v - +0 pair of gloves
rMut   .         Stasis   .     (no boots)
MR     ++...                    O - amulet "Gisev" {Inacc rPois rF+ rC+ Int-2}
Stlth  ..........               h - +5 ring of strength
                                P - ring of see invisible

@: lethally poisoned (-3 -> -3), very slightly contaminated, very resistant to
hostile enchantments, extremely unstealthy
A: retaliatory headbutt, hooves 1, horns 3, large bone plates 1, blink 1,
clarity, fire resistance 1, robust 1, wild magic 1, MP-powered wands
a: Blink, Burn Spellbooks, Berserk, Trog's Hand, Brothers in Arms, Renounce
Religion


You were on level 2 of the Elven Halls.
You worshipped Trog.
Trog was exalted by your worship.
You were not hungry.

You visited 7 branches of the dungeon, and saw 28 of its levels.
You also visited: Labyrinth, Sewer and Ice Cave.

You collected 2076 gold pieces.
You spent 1020 gold pieces at shops.

Inventory:

Hand weapons
 y - the +4 spear of Makhleb's Approval {drain, +Blink Str+3 Int+2}
   (You found it on level 14 of the Dungeon)

   A truly terrible weapon, it drains the life of those it strikes.
   It affects your strength (+3).
   It affects your intelligence (+2).
   It lets you blink.
 G - the +7 Singing Sword
   (You found it on level 4 of the Dungeon)
 M - the +10 long sword of the Little People (weapon) {flame, MR+}
   (You found it on level 5 of the Dungeon)

   It has been specially enchanted to burn those struck by it, causing extra
   injury to most foes and up to half again as much damage against particularly
   susceptible opponents.
   Big, fiery blades are also staple armaments of hydra-hunters.
   It affects your resistance to hostile enchantments.
 U - the +10 sword of Jihad {holy, *Rage rN+ EV+3 Stlth-}
   (Trog gifted it to you on level 15 of the Dungeon)

   It has been blessed by the Shining One to cause great damage to the undead
   and demons.
   It affects your evasion (+3).
   It protects you from negative energy.
   It may make you go berserk in combat.
   It makes you less stealthy.
Armour
 a - the +0 cloak "Sick" (worn) {Stlth+}
   (You acquired it on level 2 of the Lair of Beasts)

   It makes you more stealthy.
 c - a +0 shield (worn)
 g - a +1 cloak of magic resistance
 k - a +3 plate armour of cold resistance (worn)
 v - a +0 pair of gloves (worn)
 N - the +10 Black Knight's horse barding {ponderous, rPois rN+}
   (You found it on level 5 of the Dungeon)

   It protects you from poison.
   It protects you from negative energy.
Jewellery
 h - a +5 ring of strength (right hand)
 H - a cursed ring of sustain attributes
 L - a +6 ring of dexterity
 O - the amulet "Gisev" (around neck) {Inacc rPois rF+ rC+ Int-2}
   (You found it on level 1 of the Lair of Beasts)

   [amulet of inaccuracy]

   It reduces the accuracy of all your attacks.
   It affects your intelligence (-2).
   It protects you from fire.
   It protects you from cold.
   It protects you from poison.
 P - a ring of see invisible (left hand)
 T - an uncursed ring of flight
Magical devices
 A - a wand of disintegration (12)
 Q - a wand of teleportation (5)
 W - a wand of confusion (8)
Scrolls
 b - 2 scrolls of enchant armour
 f - 5 scrolls of magic mapping
 l - 3 scrolls of noise
 m - 2 scrolls of fog
 o - 2 scrolls of enchant weapon
 q - 3 scrolls of recharging
 w - 6 scrolls of remove curse
 I - 5 scrolls of teleportation
 K - a scroll of identify
 S - 4 scrolls of random uselessness
Potions
 d - 2 potions of might
 s - 3 potions of ambrosia
 t - a potion of brilliance
 u - 3 potions of agility
 x - a potion of berserk rage {unknown}
 z - a potion of flight
 C - a potion of magic
 D - 5 potions of curing
 E - 4 potions of cancellation
 J - 2 potions of invisibility
 Y - a potion of haste
Miscellaneous
 r - a legendary deck of wonders {Focus}
 F - a phial of floods
 V - a plain deck of summoning
Comestibles
 e - 11 bread rations
 i - 11 fruits
 j - 5 beef jerkies
 p - 3 meat rations


   Skills:
 + Level 13.8 Fighting
 * Level 18.2 Long Blades
   Level 6.5 Axes
 + Level 13.9 Armour
 + Level 4.6 Dodging
 - Level 1.0 Stealth
 + Level 15.9 Shields


You had 14 spell levels left.
You didn't know any spells.

Dungeon Overview and Level Annotations

Branches:
Dungeon (15/15)            Temple (1/1) D:4            Lair (5/8) D:10
  Snake (1/4) Lair:5          Orc (4/4) D:10            Elf (2/3) Orc:4
 Vaults (0/5) D:14         Depths (1/5) D:15
  Swamp: Lair:3-6    Shoals: Lair:3-6

Altars:
Ashenzari
Cheibriados
Dithmenos
Elyvilon
Fedhas
Gozag
Kikubaaqudgha
Makhleb
Nemelex Xobeh
Okawaru
Qazlal
Ru
Sif Muna
Trog
Xom
Yredelemnul
Zin
The Shining One
Beogh

Shops:
D:4 [*   Orc:3 :   Orc:4 =(*%*

Portals:
Trove: D:12 (give wand of hasting (8))

Annotations:
Elf:2 5 runed doors


Innate Abilities, Weirdness & Mutations

You reflexively headbutt those who attack you in melee.
You have a pair of large horns on your head.
You have large cloven feet.
You are partially covered in large bone plates (AC +2, SH +2).
You can translocate small distances at will.
You possess an exceptional clarity of mind.
Your flesh is heat resistant.
You are robust (+10% HP).
Your spells are a little harder to cast, but a little more powerful.
You expend magic power (3 MP) to strengthen your wands.


Message History

The deep elf knight unwields an uncursed long sword.
The deep elf knight wields an uncursed longbow.
The deep elf knight shoots a poisoned arrow.
The poisoned arrow closely misses you.
You feel sick.
The halberd of protection closely misses you.
You block the deep elf blademaster's attack. x2
A glaive of flaming comes into view.
A deep elf priest comes into view.
It is wielding a short sword of draining.
The deep elf priest shouts!
The deep elf priest calls down the wrath of its god upon you.
Something smites you!
* * * LOW HITPOINT WARNING * * *
The halberd of protection hits you from afar.
* * * LOW HITPOINT WARNING * * *
The deep elf blademaster hits you but does no damage.
You block the deep elf blademaster's attack.
You feel sick. The glaive of flaming hits you!
You die...

##...........
............
...........
#..e......#
##..........
##...........
#...(........
#...@.#
##...## ..
##.e## #..
##.(((###...
#...e((#....
##..........
##.........
##.....##..
##.....## .


You could see a deep elf blademaster, a deep elf knight (invisible), a deep elf
priest and 3 dancing weapons.

Vanquished Creatures
  A minotaur (Lab)
  Snorg (Orc:1)
  8 vault guards (D:14)
  Erolcha (D:8)
  A great orb of eyes (Depths:1)
  Fannar (D:12)
  10 hydras
  A centaur warrior (Depths:1)
  3 dancing weapons (Elf:2)
  4 orc high priests
  An ogre mage (D:15)
  A deep elf knight (Elf:2)
  3 unseen horrors
  A wizard (D:15)
  Pikel (D:4)
  The ghost of Melifaro the Shield-Bearer, an experienced MiFi of Trog (D:6)
  9 hill giants
  2 wolf spider zombies
  A manticore (D:12)
  8 orc sorcerers
  2 griffons (D:15)
  6 orc knights
  2 cyclopes
  2 ugly things
  A naga mage (D:15)
  6 elephants (Lair:5)
  4 black mambas
  8 spiny frogs
  7 komodo dragons
  3 gargoyles
  A fire drake (Lair:5)
  2 kobold demonologists (D:14)
  3 deep elf priests
  2 slime creatures (D:14)
  A polar bear (Lair:3)
  Grinder (D:5)
  4 trolls
  4 two-headed ogres
  A trapdoor spider (D:15)
  15 blink frogs
  2 wraiths
  Sigmund (D:6)
  7 deep elf magi
  2 spriggans (Lair:3)
  36 yaks
  2 shadows
  5 hungry ghosts
  Eustachio (D:5)
  4 wyverns
  6 hippogriffs
  2 basilisks
  A soldier ant (D:13)
  8 vampire mosquitoes
  A warg (Orc:4)
  Menkaure (D:5)
  A human (D:8)
  2 deep elf fighters (Elf:1)
  A steam dragon (D:15)
  The ghost of Illiel the Archer, an average HEHu (D:4)
  Edmund (D:6)
  4 wolves (Lair:3)
  2 nagas (Lair:5)
  5 water moccasins
  6 porcupines
  17 ice beasts
  A wasp (D:11)
  26 orc warriors
  7 sky beasts
  2 phantoms
  A centaur (D:7)
  A slave (D:4)
  A necrophage (D:12)
  12 ogres
  4 big kobolds
  4 crocodiles
  The ghost of clown the Conjurer, an average DECj (D:3)
  Blork the orc (D:6)
  A gnoll sergeant (D:10)
  20 giant frogs
  5 killer bees (D:11)
  10 scorpions
  A water moccasin skeleton (D:5)
  15 wights
  A giant frog zombie (D:12)
  3 jellies
  2 centaur zombies
  A crimson imp (D:12)
  25 orc priests
  32 orc wizards
  2 quasits (D:11)
  2 giant frog skeletons
  12 worker ants
  Jessica (D:3)
  3 centaur skeletons
  2 hounds (D:6)
  10 iguanas
  Natasha (thrice) (D:4)
  4 sheep
  A hound zombie (D:5)
  2 hound skeletons
  Robin (D:3)
  29 river rats
  15 adders
  A shadow imp (D:14)
  17 gnolls
  An ooze (D:1)
  3 adder skeletons
  5 worms
  4 giant geckos
  155 orcs
  16 goblins
  5 hobgoblins
  13 jackals
  20 kobolds
  6 quokkas
  5 ball pythons
  13 bats
  7 giant cockroaches
  A giant gecko skeleton (D:4)
  A giant gecko zombie (D:8)
  A giant newt (D:3)
  A jackal skeleton (D:7)
  A quokka zombie (D:5)
  15 rats
  2 butterflies (D:4)
  2 fungi
812 creatures vanquished.

Vanquished Creatures (others)
  A slave (D:4)
  An ogre (D:4)
  An orc priest (Orc:4)
  An adder (D:4)
  A bat (D:3)
  A giant newt (D:4)
  5 fungi
  4 plants (Lair:3)
15 creatures vanquished.

Grand Total: 827 creatures vanquished

Notes
Turn   | Place    | Note
--------------------------------------------------------------
     0 | D:1      | Melifaro the Minotaur Fighter began the quest for the Orb.
     0 | D:1      | Reached XP level 1. HP: 19/19 MP: 0/0
   177 | D:1      | Reached skill level 4 in Fighting
   177 | D:1      | Reached XP level 2. HP: 24/27 MP: 1/1
   454 | D:1      | Reached XP level 3. HP: 33/33 MP: 2/2
  1269 | D:2      | Reached XP level 4. HP: 33/41 MP: 3/3
  1471 | D:3      | Noticed Robin
  1480 | D:3      | Killed Robin
  1480 | D:3      | Reached XP level 5. HP: 27/47 MP: 4/4
  1524 | D:3      | Noticed Jessica
  1533 | D:3      | Killed Jessica
  1533 | D:3      | Reached skill level 5 in Fighting
  2058 | D:3      | Found a glowing golden altar of the Shining One.
  2063 | D:3      | Found a bloodstained altar of Trog.
  2071 | D:3      | Became a worshipper of Trog the Wrathful
  2424 | D:3      | Noticed clown's ghost (average DECj)
  2433 | D:3      | Killed clown's ghost
  2433 | D:3      | Reached skill level 5 in Armour
  2433 | D:3      | Reached skill level 5 in Shields
  2433 | D:3      | Reached XP level 6. HP: 26/56 MP: 5/5
  2817 | D:4      | Found a staircase to the Ecumenical Temple.
  2819 | D:4      | Noticed Illiel's ghost (average HEHu)
  2834 | D:4      | Killed Illiel's ghost
  2897 | D:4      | Acquired Trog's first power
  2907 | D:4      | Found a glowing drain.
  2927 | Sewer    | Entered a sewer
  2970 | Sewer    | Reached skill level 5 in Axes
  2970 | Sewer    | Reached skill level 6 in Shields
  2970 | Sewer    | Reached XP level 7. HP: 56/61 MP: 6/6
  3009 | Sewer    | Reached skill level 1 in Dodging
  3252 | D:4      | Noticed Pikel
  3275 | D:4      | Killed Pikel
  3275 | D:4      | Reached skill level 7 in Shields
  3275 | D:4      | Reached XP level 8. HP: 45/71 MP: 7/7
  3537 | D:4      | Found Wyexko's Antique Armour Boutique.
  3664 | D:4      | Acquired Trog's second power
  3707 | D:4      | Reached skill level 8 in Shields
  3728 | D:4      | Reached skill level 1 in Stealth
  4003 | D:4      | Noticed Natasha
  4008 | D:4      | Killed Natasha
  4067 | D:4      | Found Teipt's General Store.
  4120 | D:4      | Found a glowing silver altar of Zin.
  4169 | D:4      | Noticed Natasha
  4172 | D:4      | Killed Natasha
  4180 | D:4      | Found a sparkling altar of Nemelex Xobeh.
  4287 | D:4      | Noticed Natasha
  4292 | D:4      | Killed Natasha
  4302 | D:4      | Reached skill level 1 in Long Blades
  4358 | Temple   | Entered the Ecumenical Temple
  4456 | D:4      | Reached XP level 9. HP: 73/79 MP: 8/8
  4599 | D:5      | Entered Level 5 of the Dungeon
  4601 | D:5      | Noticed Grinder
  4609 | D:5      | Killed Grinder
  4689 | D:5      | Got a faintly glowing long sword
  4698 | D:5      | Identified the +10 long sword of the Little People {flame, MR+} (You found it on level 5 of the Dungeon)
  4706 | D:5      | Noticed Menkaure
  4717 | D:5      | Killed Menkaure
  4717 | D:5      | Reached skill level 9 in Shields
  5378 | D:5      | Noticed Eustachio
  5387 | D:5      | Killed Eustachio
  5717 | D:6      | Reached skill level 5 in Long Blades
  5817 | D:6      | Noticed Edmund
  5829 | D:6      | Killed Edmund
  5846 | D:6      | Noticed Blork the orc
  5863 | D:6      | Killed Blork the orc
  5863 | D:6      | Acquired Trog's third power
  6044 | D:6      | Noticed Sigmund
  6054 | D:6      | Killed Sigmund
  6184 | D:6      | Noticed Melifaro's ghost (experienced MiFi)
  6203 | D:6      | Killed Melifaro's ghost
  6203 | D:6      | Reached skill level 10 in Shields
  6203 | D:6      | Reached XP level 10. HP: 84/90 MP: 9/9
  6514 | D:7      | Found a white marble altar of Elyvilon.
  6796 | D:7      | Gained mutation: You are robust (+10% HP). [potion of beneficial mutation]
  6804 | D:7      | Lost mutation: You are robust (+10% HP). [potion of cure mutation]
  6807 | D:7      | Gained mutation: You have a pair of large horns on your head. [potion of mutation]
  6807 | D:7      | Gained mutation: You expend magic power (3 MP) to strengthen your wands. [potion of mutation]
  6807 | D:7      | Gained mutation: Your spells are a little harder to cast, but a little more powerful. [potion of mutation]
  7702 | D:8      | Noticed Erolcha
  7711 | D:8      | Killed Erolcha
  7863 | D:8      | Found a shimmering altar of Xom.
  8021 | D:8      | You fall through a shaft for 3 floors!
  8022 | D:11     | Noticed a cyan ugly thing
  8039 | D:11     | Killed a cyan ugly thing
  8039 | D:11     | Reached skill level 11 in Shields
  8054 | D:11     | Gained mutation: You are robust (+10% HP). [mutagenic meat]
  8056 | D:11     | Gained mutation: You are partially covered in rugged brown scales (AC +1, +3% HP). [mutagenic meat]
  8057 | D:11     | Gained mutation: You have large cloven feet. [mutagenic meat]
  8305 | D:11     | Noticed a hill giant
  8313 | D:11     | Killed a hill giant
  8470 | D:11     | Reached XP level 11. HP: 76/109 MP: 10/10
  8673 | D:11     | Noticed a hill giant
  8683 | D:11     | Killed a hill giant
  8843 | D:11     | Reached skill level 10 in Long Blades
  9120 | D:10     | Entered Level 10 of the Dungeon
  9136 | D:10     | Found a staircase to the Orcish Mines.
  9170 | D:10     | Found a staircase to the Lair.
  9293 | D:10     | Noticed a hill giant
  9300 | D:10     | Killed a hill giant
  9311 | D:10     | Noticed an unseen horror
  9317 | D:10     | Killed an unseen horror
  9317 | D:10     | Received a gift from Trog
  9350 | D:10     | Noticed an unseen horror
  9355 | D:10     | Killed an unseen horror
  9390 | D:10     | Reached skill level 10 in Armour
  9465 | D:10     | Reached skill level 10 in Fighting
  9527 | D:10     | Noticed a hill giant
  9536 | D:10     | Killed a hill giant
  9536 | D:10     | Reached skill level 12 in Shields
 10022 | Orc:1    | Entered Level 1 of the Orcish Mines
 10556 | Orc:2    | Noticed Snorg
 10573 | Orc:1    | Killed Snorg
 10806 | Orc:2    | Reached XP level 12. HP: 118/120 MP: 11/11
 10872 | Orc:2    | Found a bloodstained altar of Trog.
 10920 | Orc:2    | Received a gift from Trog
 10934 | Orc:2    | Found a roughly hewn altar of Beogh.
 11393 | Orc:3    | Found Feistar's Book Shop.
 11571 | Orc:4    | Entered Level 4 of the Orcish Mines
 11571 | Orc:4    | Found a staircase to the Elven Halls.
 11998 | Orc:4    | Found Ineuf's General Store.
 12170 | Orc:4    | Found Joagiug's Food Shoppe.
 12206 | Orc:4    | HP: 5/122 [sixfirhy[an orc sorcerer] (9)]
 12769 | Orc:4    | Reached skill level 13 in Long Blades
 13177 | Orc:4    | Found Akhlum's General Store.
 13179 | Orc:4    | Found Quiczov's Weapon Boutique.
 13179 | Orc:4    | Found Hoavudd's Jewellery Boutique.
 13502 | Orc:4    | Received a gift from Trog
 13589 | Orc:4    | Bought a +5 ring of strength for 576 gold pieces
 13589 | Orc:4    | Bought an uncursed amulet of the gourmand for 420 gold pieces
 13595 | Orc:4    | Bought a scroll of identify for 24 gold pieces
 13714 | Elf:1    | Entered Level 1 of the Elven Halls
 13877 | Lair:1   | Entered Level 1 of the Lair of Beasts
 13904 | Lair:1   | Reached skill level 14 in Long Blades
 14246 | Lair:1   | Got a slimy graven amulet
 14257 | Lair:1   | Found a frozen archway.
 14261 | Lair:1   | Reached XP level 13. HP: 131/131 MP: 12/12
 14301 | IceCv    | Entered an ice cave
 14365 | IceCv    | Identified the amulet "Gisev" {Inacc rPois rF+ rC+ Int-2} (You found it on level 1 of the Lair of Beasts)
 14828 | Lair:2   | Identified a scroll of acquirement
 14844 | Lair:2   | Got an ancient cloak
 14855 | Lair:2   | Identified the +0 cloak "Sick" {Stlth+} (You acquired it on level 2 of the Lair of Beasts)
 15199 | Lair:2   | Found a labyrinth entrance.
 15209 | Lab      | Entered a labyrinth
 17242 | Lair:2   | Received a gift from Trog
 17998 | Lair:3   | Found a white marble altar of Elyvilon.
 18123 | Lair:3   | Reached skill level 15 in Long Blades
 18953 | Lair:4   | Received a gift from Trog
 19908 | Lair:5   | Found a staircase to the Snake Pit.
 20181 | Lair:5   | Reached XP level 14. HP: 122/143 MP: 13/13
 20186 | Lair:5   | Reached skill level 16 in Long Blades
 21300 | D:12     | Gained mutation: You possess an exceptional clarity of mind. [mutagenic meat]
 21301 | D:12     | Lost mutation: You are partially covered in rugged brown scales (AC +1, +3% HP). [mutagenic meat]
 21392 | D:12     | Noticed Fannar
 21408 | D:12     | Killed Fannar
 21411 | D:12     | Received a gift from Trog
 21416 | D:12     | Found a shadowy altar of Dithmenos.
 21577 | D:12     | Found a portal to a secret trove of treasure.
 22117 | D:13     | Gained mutation: Your flesh is heat resistant. [mutagenic meat]
 22118 | D:13     | Gained mutation: You are partially covered in large bone plates (AC +2, SH +2). [mutagenic meat]
 22119 | D:13     | Gained mutation: You can translocate small distances at will. [mutagenic meat]
 22538 | D:14     | Found a gate to the Vaults.
 22563 | D:14     | Reached skill level 15 in Shields
 22597 | D:14     | Reached skill level 17 in Long Blades
 22965 | D:14     | Got an encrusted spear
 23614 | D:14     | Found a shattered altar of Ashenzari.
 23829 | D:14     | Identified the +4 spear of Makhleb's Approval {drain, +Blink Str+3 Int+2} (You found it on level 14 of the Dungeon)
 23831 | D:14     | Upgraded the game from 0.17-a0-1716-gdf19ebb to 0.17-a0-1718-g72dbe4d
 23945 | D:15     | Entered Level 15 of the Dungeon
 24088 | D:15     | Received a gift from Trog
 24132 | D:15     | Found a staircase to the Depths.
 24585 | D:15     | Reached XP level 15. HP: 149/149 MP: 14/14
 24966 | D:15     | Reached skill level 18 in Long Blades
 25115 | Depths:1 | Entered Level 1 of the Depths
 25573 | Snake:1  | Entered Level 1 of the Snake Pit
 26141 | Elf:1    | You fall through a shaft!
 26211 | Elf:2    | Noticed a deep elf blademaster
 26254 | Elf:2    | Found a huge runed gate.
 26254 | Elf:2    | Found a huge runed gate.
 26255 | Elf:2    | Found a huge runed gate.
 26256 | Elf:2    | Found a huge runed gate.
 26257 | Elf:2    | Found a huge runed gate.
 26265 | Elf:2    | HP: 5/150 [halberd of protection (8)]
 26268 | Elf:2    | HP: 1/150 [battleaxe of distortion (5)]
 26279 | Elf:2    | HP: 7/150 [poisoned by a deep elf knight]
 26280 | Elf:2    | Slain by a glaive of flaming

Vault maps used:
D:1:      minmay_arrival_glassed_features
D:3:      minitemple, uniq_jessica, uniq_robin
D:4:      old_forge, lemuel_round_altar, lemuel_crystal_altar,
          minmay_temple_entry_butterflies, serial_shops,
          nicolae_shop_behind_doors, shop, portal_sewer_entry_a,
          nicolae_underground_beach, uniq_natasha, uniq_pikel
D:5:      first_bread, kennysheep_flooded_box, hangedman_abyss_or_decor_passed,
          uniq_menkaure, uniq_grinder, uniq_eustachio
D:6:      uniq_blork_the_orc, uniq_sigmund, uniq_edmund
D:7:      old_standard_altar
D:8:      kennysheep_little_box, grunt_livestock, hex_tiny, uniq_gastronok,
          uniq_psyche, uniq_erolcha
D:10:     lair_0_dummy, orc_0_dummy
D:12:     basic_altar, enter_trove_2, uniq_fannar
D:14:     erik_vaults_2, serial_park_square2, david_defended_altar_elf
D:15:     grunt_enter_depths_magical_seal
Temple:   circular_temple_12
Lair:1:   portal_ice_cave_entry_ice_beasts
Lair:2:   lab_entry_generic
Lair:3:   wad_woods_stonehenge
Lair:4:   hangedman_lair_unloving_vines, serial_bayou_lagoon_a,
          hangedman_lair_generics_rect, grunt_megastairs_5
Lair:5:   guppyfry_snake_entry_island, lemuel_fruit_fields
Snake:1:  hangedman_cross_veins
Orc:1:    guppyfry_library_mini
Orc:2:    basic_altar, bloody_trog, uniq_snorg
Orc:3:    serial_shops, shop, nicolae_orc_pool_cavern
Orc:4:    st_orc_elflike, serial_shops, nicolae_shop_waterfront
Elf:1:    eino_elf_arrival_shootout, minivault_28
Elf:2:    basic_stair_grate_trap, lemuel_elevator, uniq_wiglaf, uniq_norris,
          uniq_asterion, uniq_roxanne
Depths:1: minmay_box_of_statues, hell_entry, minmay_misc_feat_pillars,
          kennysheep_dice, hangedman_decor_cross_pass, firewood_loft,
          serial_bayou_shore_b
Lab:      labyrinth_watery, nicolae_lab_swirl, labyrinth_glass_1
Sewer:    sewer_kobold_necro_badplayer
IceCv:    ice_cave_statue_garden_02

Action                   |  1- 3 |  4- 6 |  7- 9 | 10-12 | 13-15 || total
-------------------------+-------+-------+-------+-------+-------++-------
Melee: War axe           |   106 |   187 |   139 |       |       ||   432
       Double sword      |       |       |    69 |       |       ||    69
       Long sword        |       |       |   121 |   702 |  1000 ||  1823
Invok: Burn Spellbooks   |       |       |       |       |     4 ||     4
 Abil: Blink             |       |       |       |       |     1 ||     1
  Use: Scroll            |       |       |     3 |    10 |    28 ||    41
       Potion            |       |       |       |    16 |     4 ||    20
  Eat: Chunk             |     1 |     1 |     2 |    12 |    14 ||    30
       Meat ration       |       |     1 |     1 |     1 |     3 ||     6
       Bread ration      |       |     1 |       |     2 |     2 ||     5
       Pizza             |       |       |       |     5 |     7 ||    12
